 Dungeon Crawl Stone Soup version 0.31-a0-981-geadf994542 (webtiles) character file.

Game seed: 7805278216027781668

91 BigDaddyOpFi the Sneak (level 4, 0/27 HPs)
             Began as an Octopode Earth Elementalist on Nov 1, 2023.
             Slain by an orc
             ... wielding a +0 whip
              (5 damage)
             ... on level 3 of the Dungeon.
             The game lasted 00:03:34 (1968 turns).

BigDaddyOpFi the Sneak (OpEE)                       Turns: 1968, Time: 00:03:35

Health: 0/27       AC:  1    Str:  7    XL:     4   Next: 59%
Magic:  0/7        EV: 13    Int: 19    God:
Gold:   132        SH:  0    Dex: 12    Spells: 4/8 levels left

rFire   . . .        d - +0 dagger
rCold   . . .        (no shield)
rNeg    . . .        (helmet restricted)
rPois   .            (no amulet)
rElec   .            (no ring)
rCorr   .            (no ring)
SInv    .            (no ring)
Will    .....        (no ring)
Stlth   +++          (no ring)
HPRegen 0.24/turn    (no ring)
MPRegen 0.10/turn    (no ring)
                     (no ring)

%: no passive effects
@: no status effects
A: almost no armour, amphibious, 8 rings, camouflage 1, gelatinous body 1,
(nimble swimmer 1), tentacles
a: no special abilities


You were on level 3 of the Dungeon.
You visited 1 branch of the dungeon, and saw 3 of its levels.

You collected 132 gold pieces.

Inventory:

Hand Weapons
 d - a +0 dagger (weapon)
Jewellery
 k - an amulet of guardian spirit
 n - an amulet of regeneration
Scrolls
 b - 2 scrolls of revelation {unknown}
 c - 5 scrolls of identify {unknown}
 f - a scroll of silence {unknown}
 g - 2 scrolls of teleportation {unknown}
 h - 2 scrolls of brand weapon {unknown}
 i - a scroll of vulnerability {unknown}
Potions
 a - a potion of magic
 e - a potion of haste
 j - a potion of ambrosia {unknown}
 l - a potion of degeneration {unknown}
 m - a potion of enlightenment {unknown}


   Skills:
 + Level 2.6 Dodging
 + Level 3.6 Stealth
 + Level 2.5 Spellcasting
 * Level 1.4 Conjurations
 - Level 1.5 Transmutations
 + Level 3.4 Earth Magic


You had 4 spell levels left.
You knew the following spells:

 Your Spells              Type           Power      Damage    Failure   Level
a - Sandblast             Erth           30%        2d9       3%          1
b - Stone Arrow           Conj/Erth      22%        3d8       19%         3

Your spell library contained the following spells:

 Spells                   Type           Power      Damage    Failure   Level
 Passwall                 Tmut/Erth      9%         N/A       9%          2
 Sting                    Tmut/Pois      20%        1d4       12%         1
 Lesser Beckoning         Tloc           4%         N/A       24%         2
 Poisonous Vapours        Pois/Air       4%         N/A       24%         2
 Gell's Gravitas          Tloc           2%         N/A       43%         3
 Teleport Other           Tloc           2%         N/A       43%         3
 Volatile Blastmotes      Fire/Tloc      4%         2d10      43%         3
 Petrify                  Tmut/Erth      11%        N/A       50%         4
 Brom's Barrelling Bould  Conj/Erth      11%        2d3       52%         4
 Fulminant Prism          Conj/Hex       2%         3d5       75%         4
 Iskenderun's Mystic Bla  Conj/Tloc      5%         2d3       75%         4
 Olgreb's Toxic Radiance  Pois           2%         N/A       85%         4
 Haunt                    Necr/Summ      1%         N/A       100%        7
 Borgnjor's Revivificati  Necr           1%         N/A       100%        8
 Death's Door             Necr           1%         N/A       100%        9


Dungeon Overview and Level Annotations

Branches:
Dungeon (3/15)

Altars:


Innate Abilities, Weirdness & Mutations

You cannot wear most types of armour.
You are amphibious.
You can wear up to eight rings at the same time.
Your skin changes colour to match your surroundings (Stealth+).
Your rubbery body absorbs attacks. (AC +1, EV +1)
((You are camouflaged when in or above water. (Stealth+)))
You have tentacles for arms and can constrict up to eight enemies at once.


Message History

Aiming: Stone Arrow (quite dangerous; 19% risk of failure)
Press: ? - help, Shift-Dir - straight line, f - orc wizard, p - orc
Aim: an orc wizard, wielding a +0 dagger and wearing a +0 robe (severely wounded, 60% to hit)
The stone arrow hits the orc wizard!
You kill the orc wizard!
Casting: Stone Arrow (quite dangerous; 19% risk of failure)
Confirm with . or Enter, or press ? or * to list all spells.
You don't have enough magic to cast this spell.
Unknown command.
You hit the orc but do no damage. Your grab misses the orc.
The orc is heavily wounded.
The orc hits you with a +0 dagger.
You hit the orc but do no damage. Your grab misses the orc.
The orc is heavily wounded.
The orc hits you with a +0 dagger.
* * * LOW HITPOINT WARNING * * *
You hit the orc. You grab the orc.
The orc is severely wounded.
You constrict the orc. The orc barely misses you.
Casting: Stone Arrow (quite dangerous; 19% risk of failure)
Confirm with . or Enter, or press ? or * to list all spells.
Aiming: Sandblast (safe; 4% risk of failure)
Press: ? - help, Shift-Dir - straight line, f - orc
Aim: an orc, wielding a +0 dagger and wearing a +0 leather armour (almost dead, constricted by you, 100% to hit)
The blast of sand hits the orc.
You kill the orc!
You closely miss the orc. Your grab misses the orc.
Your squeeze misses the orc. The orc closely misses you.
You hit the orc. Your grab misses the orc.
The orc is moderately wounded.
The orc hits you with a +0 whip.
* * * LOW HITPOINT WARNING * * *
Casting: Sandblast (safe; 3% risk of failure)
Confirm with . or Enter, or press ? or * to list all spells.
You don't have enough magic to cast this spell.
Okay, then.
You hit the orc. You grab the orc.
The orc is heavily wounded.
You constrict the orc. The orc hits you with a +0 whip.
You die...

## .... # ..... #.
#.... #.#### .......
####....# #......
........# ......## #)#
.......# #o# .......#
#@###### .......#
#......# .##.#..#
#.####.# .##....# #.#
#.# #.....># #.# #)#
.###.#.# #.# #.#
.###.#.# #.# #.#
.......# #.# #.#
####...#########.####.#


You could see an orc.

Vanquished Creatures
  An orc wizard (D:3)
  A gnoll (D:1)
  An adder (D:2)
  A worm (D:2)
  2 orcs (D:3)
  5 bats
  2 endoplasms
  A giant cockroach (D:1)
  5 goblins
  3 hobgoblins (D:1)
  5 quokkas
  5 ball pythons
  2 frilled lizards (D:1)
  3 kobolds
  2 rats
39 creatures vanquished.

Notes
Turn   | Place    | Note
-------+----------+-------------------------------------------
     0 | D:1      | BigDaddyOpFi the Octopode Earth Elementalist began the
                  | quest for the Orb.
     0 | D:1      | Reached XP level 1. HP: 11/11 MP: 3/3
   490 | D:1      | Reached XP level 2. HP: 17/17 MP: 5/5
   772 | D:1      | Reached XP level 3. HP: 12/21 MP: 3/6
   776 | D:1      | Learned a level 3 spell: Stone Arrow
  1576 | D:2      | Reached XP level 4. HP: 27/27 MP: 7/7
  1611 | D:2      | Reached skill level 1 in Conjurations
  1968 | D:3      | Slain by an orc

Illustrated notes

Levels and vault maps discovered:
D:1:      dpeg_arrival_pits, layout_loops_ring
D:2:      layout_loops_ring, grunt_ministairs_3
D:3:      layout_loops_ring, nicolae_kikubaaqudgha_miasma_corner,
          eat_drink_and_be_merry_uskayaw, nicolae_ru_path_of_blood

Skill      XL: |  1  2  3  4 |
---------------+-------------+-----
Stealth        | 3 |  3.6
Conjurations   | 1 |  1.4
Dodging        | |  2.6
Spellcasting   | |  2.5
Transmutations | |  1.5
Earth Magic    | |  3.4

Action                     |  1- 3 |  4- 6 || total
---------------------------+-------+-------++-------
  Melee: Dagger            |    44 |    18 ||    62
         Unarmed           |     6 |       ||     6
         Constrict         |    10 |     6 ||    16
         Tentacles         |     9 |     4 ||    13
         Punch             |     1 |       ||     1
   Cast: Sandblast         |    16 |     5 ||    21
         Stone Arrow       |       |     1 ||     1
    Use: Potion            |     2 |       ||     2
   Stab: Sleeping          |     8 |     1 ||     9
 Armour: Skin              |    23 |    14 ||    37
  Dodge: Dodged            |    43 |     9 ||    52

Table legend: (Time is in decaauts)
 A = Elapsed time spent in this place.
 B = Non-inter-level travel time spent in this place.
 C = Inter-level travel time spent in this place.
 D = Time resting spent in this place.
 E = Time spent auto-exploring this place.
 F = Levels seen in this place.
 G = Mean time per level.
                   A        B        C        D        E       F      G
               +--------+--------+--------+--------+--------+-----+--------+
         Total |   1959 |   1905 |     54 |    300 |   1298 |   3 |  653.0 |
       Dungeon |   1959 |   1905 |     54 |    300 |   1298 |   3 |  653.0 |
               +--------+--------+--------+--------+--------+-----+--------+

Top non-repeatable levels by time:
     D:1: 1019 daAuts
     D:2: 686 daAuts
     D:3: 253 daAuts
